 Dungeon Crawl Stone Soup version 0.30-a0-339-g89bb51ec76 (webtiles) character file.

Game seed: 15911697317156899101

60 bande the Covered (level 4, 0/29 HPs)
             Began as a Gargoyle Fighter on Nov 1, 2022.
             Slain by a goblin
             ... wielding a +0 club
             ... led by Robin
              (2 damage)
             ... on level 2 of the Dungeon.
             The game lasted 00:01:37 (868 turns).

bande the Covered (Gargoyle Fighter)                 Turns: 868, Time: 00:01:38

Health: 0/29       AC: 10    Str: 19    XL:     4   Next: 6%
Magic:  4/4        EV:  9    Int:  9    God:
Gold:   79         SH:  4    Dex: 11    Spells: 2/3 levels left

rFire   . . .      SeeInvis .    a - +0 war axe
rCold   . . .      Faith    .    c - +0 buckler
rNeg    + . .      Spirit   .    b - +0 scale mail
rPois   ∞          Reflect  .    (no helmet)
rElec   +          Harm     .    (no cloak)
rCorr   .          Rampage  .    (no gloves)
Will    .....                    (no boots)
Stlth   ..........               (no amulet)
HPRegen 0.24/turn                (no ring)
MPRegen 0.09/turn                (no ring)

@: no status effects
A: sickness immunity, AC +3, negative energy resistance 1, electricity
resistance, torment resistance 1, petrification resistance
a: no special abilities


You were on level 2 of the Dungeon.
You visited 1 branch of the dungeon, and saw 2 of its levels.

You collected 79 gold pieces.

Inventory:

Hand Weapons
 a - a +0 war axe (weapon)
Armour
 b - a +0 scale mail (worn)
 c - a +0 buckler (worn)
Jewellery
 k - an amulet of magic regeneration
Scrolls
 e - 5 scrolls of identify {unknown}
 f - a scroll of acquirement {unknown}
 g - a scroll of teleportation {unknown}
 i - a scroll of magic mapping {unknown}
Potions
 d - a potion of might
 h - 2 potions of flight {unknown}
 j - a potion of brilliance {unknown}


   Skills:
 + Level 3.6 Fighting
 + Level 2.3 Axes
 + Level 3.9 Armour
 + Level 3.7 Shields
 * Level 0.9 Translocations


You had 2 spell levels left.
You knew the following spells:

 Your Spells              Type           Power      Damage    Failure   Level
a - Apportation           Tloc           2%         N/A       71%         1

Your spell library contained the following spells:

 Spells                   Type           Power      Damage    Failure   Level
 Necrotise                Necr           0%         1d4       83%         1
 Summon Small Mammal      Summ           0%         N/A       83%         1


Dungeon Overview and Level Annotations

Branches:
Dungeon (2/15)

Altars:

Annotations:
D:2 Robin


Innate Abilities, Weirdness & Mutations

You are immune to sickness and miasma.
Your stone body is resilient. (AC +3)
You are immune to poison.
You resist negative energy. (rN+)
You are resistant to electric shocks. (rElec)
You are resistant to unholy torment.
You are immune to petrification.


Message History

The goblin shouts!
The hobgoblin shouts!
Robin throws the goblin at you! The goblin hits you with a +0 club.
A goblin comes into view. It is wielding a +0 dagger.
Unknown command.
The goblin attacks as you move away! The goblin barely misses you.
A goblin comes into view. It is wielding a +0 club.
The goblin attacks as you move away! The goblin hits you but does no damage.
The goblin shouts!
You closely miss the goblin. The goblin hits you with a +0 dagger.
The goblin hits you but does no damage.
You slash the goblin!
You kill the goblin!
Robin roars a battlecry!
The goblins go into a battle-frenzy!
You hear a shout!
You hit the hobgoblin.
The hobgoblin is almost dead.
You hit the hobgoblin. The hobgoblin hits you.
The hobgoblin closely misses you.
You closely miss the hobgoblin.
The hobgoblin is almost dead.
You closely miss the hobgoblin. Robin throws the goblin at you!
You block the hobgoblin's attack. The hobgoblin hits you.
The goblin hits you with a +0 club. The goblin completely misses you.
The hobgoblin hits you.
The hobgoblin hits you but does no damage.
You hit the hobgoblin but do no damage.
The hobgoblin is almost dead.
You closely miss the goblin. You completely miss the hobgoblin.
You block the hobgoblin's attack. The hobgoblin closely misses you.
The goblin closely misses you.
Unknown command.
The hobgoblin attacks as you move away! The hobgoblin hits you.
* * * LOW HITPOINT WARNING * * *
Robin throws the goblin at you!
* * * LOW HITPOINT WARNING * * *
The goblin barely misses you.
The hobgoblin hits you but does no damage.
The goblin hits you with a +0 club.
You die...

....### ### #.....
.g.g####.#.#
.##gg......#
.......gg..# .#####♣
..gg...bg# ......♣
####..##)# #.....♣
.....##g## ##....♣
.####..g@g#####.....♣
#.....g....<.....♣
#.#########....##♣ ..
...........# ##
.#######.†.# #...#
#...# ####...#
#.....##


You could see Robin (fast), 4 hobgoblins, 2 goblins and a bat.

Vanquished Creatures
  A hound (D:2)
  2 adders (D:2)
  An orc (D:2)
  A ball python (D:1)
  An endoplasm (D:1)
  A quokka (D:1)
  2 bats (D:1)
  A frilled lizard (D:2)
  3 goblins
  3 rats
16 creatures vanquished.

Vanquished Creatures (others)
  4 plants (D:2)
4 creatures vanquished.

Grand Total: 20 creatures vanquished

Notes
Turn   | Place    | Note
-------+----------+-------------------------------------------
     0 | D:1      | bande the Gargoyle Fighter began the quest for the Orb.
     0 | D:1      | Reached XP level 1. HP: 14/14 MP: 1/1
   405 | D:1      | Found a faded altar of an unknown god.
   487 | D:1      | Reached XP level 2. HP: 15/19 MP: 2/2
   642 | D:2      | Learned a level 1 spell: Apportation
   680 | D:2      | Reached XP level 3. HP: 20/23 MP: 3/3
   817 | D:2      | Reached XP level 4. HP: 21/29 MP: 4/4
   859 | D:2      | Noticed Robin
   868 | D:2      | Slain by a goblin

Illustrated notes

Levels and vault maps discovered:
D:1:      amcnicky_arrival_underground_garden, layout_loops_ring,
          shapermc_ecumenical_altar_flowoftime, chequers_garden,
          item_on_display_a
D:2:      layout_basic, serial_bayou_lake_a, uniq_robin

Skill      XL: |  1  2 |
---------------+-------+-----
Axes           | 2 |  2.3
Fighting       | |  3.6
Armour         | |  3.9
Shields        | |  3.7
Translocations | |  0.9

Action                   |  1- 3 |  4- 6 || total
-------------------------+-------+-------++-------
Melee: War axe           |    47 |     5 ||    52
Armor: Scale mail        |    30 |     5 ||    35
Dodge: Dodged            |    34 |     6 ||    40
Block: Buckler           |    11 |     2 ||    13

Table legend: (Time is in decaauts)
 A = Elapsed time spent in this place.
 B = Non-inter-level travel time spent in this place.
 C = Inter-level travel time spent in this place.
 D = Time resting spent in this place.
 E = Time spent auto-exploring this place.
 F = Levels seen in this place.
 G = Mean time per level.
                   A        B        C        D        E       F      G
               +--------+--------+--------+--------+--------+-----+--------+
         Total |    890 |    871 |     19 |      0 |    685 |   2 |  445.0 |
       Dungeon |    890 |    871 |     19 |      0 |    685 |   2 |  445.0 |
               +--------+--------+--------+--------+--------+-----+--------+

Top non-repeatable levels by time:
     D:1: 632 daAuts
     D:2: 258 daAuts
